 Dungeon Crawl Stone Soup version 0.27-a0-1158-gaa87e14f67 (webtiles) character file.

Game seed: 16012282124923979739

5291 roflturtle the Zephyrmancer (level 10, -2/50 HPs)
             Began as a Tengu Air Elementalist on May 15, 2021.
             Was a Follower of Vehumet.
             Slain by a killer bee (8 damage)
             ... on level 9 of the Dungeon.
             The game lasted 00:49:49 (11626 turns).

roflturtle the Zephyrmancer (TeAE)                 Turns: 11626, Time: 00:49:51

Health: -2/50      AC:  4    Str:  9    XL:     10   Next: 63%
Magic:  0/24       EV: 20    Int: 18    God:    Vehumet [*.....]
Gold:   658        SH:  0    Dex: 15    Spells: 3/27 levels left

rFire    + . .     SeeInvis .   r - +1 dagger (speed)
rCold    + + .     Faith    .   (no shield)
rNeg     + . .     Spirit   .   s - +1 robe "Plog" {rC+}
rPois    .         Reflect  .   (helmet restricted)
rElec    .         Harm     .   n - scarf {rC+ rF+}
rCorr    .         Rampage  .   o - +0 pair of gloves
Will     .....                  (boots unavailable)
Stlth    +++.......             (no amulet)
HPRegen  0.16/turn              B - ring of positive energy
MPRegen  0.19/turn              J - +4 ring of evasion

@: flying quickly and evasively, quick
A: beak, talons 3, nimble flight
a: Renounce Religion


You were on level 9 of the Dungeon.
You worshipped Vehumet.
Vehumet was aware of your devotion.
You visited 2 branches of the dungeon, and saw 11 of its levels.

You collected 658 gold pieces.

Inventory:

Hand Weapons
 r - a +1 dagger of speed (weapon)
 v - the +2 spear of Namijeji {pain, Dex+4 Stlth+}
   (You found it on level 5 of the Dungeon)

   In the hands of one skilled in necromantic magic, it inflicts extra damage on
   living creatures.
   It affects your dexterity (+4).
   It makes you more stealthy.
Missiles
 b - a throwing net
 h - 17 atropa-tipped darts
Armour
 n - a scarf of resistance (worn)
 o - a +0 pair of gloves (worn)
 q - +0 shadow dragon scales
 s - the +1 robe "Plog" (worn) {rC+}
   (You found it on level 5 of the Dungeon)

   It protects you from cold.
Jewellery
 e - an amulet of guardian spirit
 f - a ring of fire
 B - a ring of positive energy (left hand)
 I - a ring of resist corrosion
 J - a +4 ring of evasion (right hand)
Wands
 i - a wand of paralysis (7)
 C - a wand of polymorph (8)
 D - a wand of acid (12)
 G - a wand of iceblast (21)
Scrolls
 c - 5 scrolls of enchant armour {unknown}
 d - 2 scrolls of identify
 g - a scroll of blinking {unknown}
 k - a scroll of enchant weapon {unknown}
 m - a scroll of fear {unknown}
 t - a scroll of holy word {unknown}
 u - 3 scrolls of amnesia {unknown}
 y - a scroll of torment {unknown}
 z - a scroll of noise {unknown}
 A - 2 scrolls of teleportation {unknown}
 F - a scroll of immolation {unknown}
Potions
 a - 3 potions of magic
 j - 3 potions of curing
 l - a potion of mutation
 p - a potion of degeneration {unknown}
 w - a potion of might
 x - a potion of resistance {unknown}
 E - 2 potions of flight {unknown}
 H - a potion of ambrosia {unknown}


   Skills:
 - Level 4.0 Dodging
 - Level 4.0 Stealth
 - Level 9.0 Spellcasting
 - Level 12.0 Conjurations
 + Level 4.5 Fire Magic
 - Level 12.0 Air Magic


You had 3 spell levels left.
You knew the following spells:

 Your Spells              Type           Power      Damage    Failure   Level
a - Shock                 Conj/Air       100%       1d9       1%          1
b - Static Discharge      Conj/Air       51%        N/A       1%          2
c - Swiftness             Air            51%        N/A       1%          3
d - Airstrike             Air            25%        N/A       1%          4
e - Lightning Bolt        Conj/Air       25%        1d41      1%          5
f - Fireball              Conj/Fire      18%        3d9       9%          5
g - Fulminant Prism       Conj/Hex       14%        3d9       8%          4

Your spell library contained the following spells:

 Spells                   Type           Power      Damage    Failure   Level
 Magic Dart               Conj           100%       1d8       1%          1
 Foxfire                  Conj/Fire      100%       2x1d9     1%          1
 Searing Ray              Conj           100%       3d7       1%          2
 Conjure Flame            Conj/Fire      37%        6-21      1%          3
 Dazzling Flash           Conj/Hex       58%        N/A       2%          3
 Animate Skeleton         Necr           16%        N/A       9%          1
 Freeze                   Ice            32%        1d5       9%          1
 Pain                     Necr           32%        1d5       9%          1
 Inner Flame              Hex/Fire       16%        N/A       11%         3
 Frozen Ramparts          Ice            16%        1d3       26%         3
 Ozocubu's Armour         Ice            8%         N/A       26%         3
 Vampiric Draining        Necr           4%         2d6       26%         3
 Sticky Flame             Conj/Fire      37%        2d6       3%          4
 Hailstorm                Conj/Ice       29%        3d8       8%          4
 Iskenderun's Mystic Bla  Conj/Tloc      29%        2d7       8%          4
 Animate Dead             Necr           4%         N/A       65%         4
 Agony                    Necr           8%         N/A       94%         5
 Metabolic Englaciation   Hex/Ice        4%         N/A       94%         5


Dungeon Overview and Level Annotations

Branches:
Dungeon (10/15)            Temple (1/1) D:6
   Lair: D:8-11         Orc: D:9-12

Altars:
Ashenzari
Cheibriados
Dithmenos
Elyvilon
Fedhas
Gozag
Hepliaklqana
Kikubaaqudgha
Makhleb
Nemelex Xobeh
Okawaru
Qazlal
Ru
Sif Muna
Trog
Uskayaw
Vehumet
Wu Jian
Xom
Zin
The Shining One

Annotations:
D:10 Maurice


Innate Abilities, Weirdness & Mutations

You have a beak for a mouth.
You have claws for feet.
Your magical nature lets you fly swiftly and evasively.


Message History

There is a stone staircase leading up here.
The killer bee misses you. The killer bee barely misses you.
The killer bee completely misses you. The killer bee stings you.
* * * LOW HITPOINT WARNING * * *
You fly upwards.
Reactivating autopickup.
There is a stone staircase leading down here.
Casting: Lightning Bolt (dangerous; 1% risk of failure)
Confirm with . or Enter, or press ? or * to list all spells.
The killer bee is struck by an arc of lightning!
The killer bee is severely wounded.
You are struck by an arc of lightning.
* * * LOW HITPOINT WARNING * * *
The killer bee is struck by an arc of lightning.
The killer bee is almost dead.
The lightning grounds out.
The killer bee is struck by an arc of lightning.
The killer bee is lightly wounded.
The lightning grounds out.
The killer bee closely misses you. x2
The killer bee stings you.
* * * LOW HITPOINT WARNING * * *
You are lethally poisoned!
The killer bee poisons you! The killer bee completely misses you.
You feel better. The killer bee stings you. x2
* * * LOW HITPOINT WARNING * * *
The killer bee barely misses you. The killer bee closely misses you.
Casting: Static Discharge (safe; 1% risk of failure)
Confirm with . or Enter, or press ? or * to list all spells.
The killer bee is struck by an arc of lightning!
You kill the killer bee!
Vehumet accepts your kill.
You are struck by an arc of lightning.
* * * LOW HITPOINT WARNING * * *
The lightning grounds out.
The killer bee is struck by an arc of lightning!
The killer bee is severely wounded.
You are struck by an arc of lightning.
* * * LOW HITPOINT WARNING * * *
The lightning grounds out.
The killer bee stings you!
You die...

..####..# #...#...# #......#
'##.⌠#.)### #.#.#.#.# #......#
.....#)...# #.#.#.#.# ###......#
....##)##.# #.###.#.# #.'......#
....#...#.####.#...#.###.#......#
_...'...'....'.#.###.'...#......#
....#...#..###...#...########'###
....####...# #.#####.# #.##
.....#....## #..@y...# #..##
'##.⌠#..### ######+## ##...
..####..# #.# #######. ........#
#.# #....... ..#.....## #.#
#....... .##......### ##.#
#....... .......#.>.#######..#
#....... .......###.....#...##
#....... ......># #####.....#####
#.......


You could see a killer bee.

Vanquished Creatures
  A gargoyle (D:10)
  Grinder (D:5)
  A wyvern (D:10)
  A steam dragon (D:6)
  2 water moccasins
  A sky beast (D:6)
  3 necrophages
  3 orc warriors
  A black bear (D:7)
  2 ogres
  2 centaurs (D:9)
  A phantom (D:7)
  Blork the orc (D:5)
  3 bullfrogs (D:8)
  2 scorpions
  A wyvern zombie (D:9)
  A water moccasin zombie (D:5)
  A gnoll sergeant (D:8)
  4 killer bees (D:9)
  2 centaur zombies (D:9)
  A crimson imp (D:6)
  A hound (D:5)
  2 jellies
  4 orc priests
  2 centaur skeletons
  2 iguanas
  5 orc wizards
  A killer bee zombie (D:8)
  A hound zombie (D:5)
  A hound skeleton (D:5)
  A howler monkey zombie (D:6)
  4 gnolls (D:8)
  A howler monkey skeleton (D:6)
  2 adders
  A river rat (D:5)
  A white imp (D:8)
  2 ufetubi
  A worm (D:5)
  21 orcs
  5 ball pythons
  3 endoplasms
  4 giant cockroaches
  6 goblins (D:2)
  5 hobgoblins
  6 jackals (D:1)
  8 kobolds
  2 quokkas
  4 bats
  5 rats
136 creatures vanquished.

Vanquished Creatures (others)
  A fulminant prism (D:10)
  5 plants (D:4)
6 creatures vanquished.

Grand Total: 142 creatures vanquished

Notes
Turn   | Place    | Note
-------+----------+-------------------------------------------
     0 | D:1      | roflturtle the Tengu Air Elementalist began the quest for
                  | the Orb.
     0 | D:1      | Reached XP level 1. HP: 10/10 MP: 4/4
   243 | D:1      | Reached XP level 2. HP: 15/15 MP: 3/6
   391 | D:1      | Learned a level 2 spell: Static Discharge
  1299 | D:2      | Reached XP level 3. HP: 19/19 MP: 7/7
  1320 | D:2      | Learned a level 3 spell: Swiftness
  1630 | D:2      | Found a hazy altar of Hepliaklqana.
  1957 | D:2      | Found a faded altar of an unknown god.
  2523 | D:3      | Reached XP level 4. HP: 24/24 MP: 1/9
  3369 | D:4      | Gained mutation: Your magical nature lets you fly swiftly
                  | and evasively. [Tengu growth]
  3369 | D:4      | Reached XP level 5. HP: 28/28 MP: 5/10
  3414 | D:4      | Found an ancient bone altar of Kikubaaqudgha.
  3414 | D:4      | Found a blossoming altar of Fedhas.
  4098 | D:5      | Entered Level 5 of the Dungeon
  4138 | D:5      | Noticed an ogre
  4496 | D:5      | Killed an ogre
  4497 | D:5      | Reached skill level 5 in Air Magic
  4497 | D:5      | Reached XP level 6. HP: 32/32 MP: 5/11
  4502 | D:5      | Learned a level 4 spell: Airstrike
  4560 | D:5      | Identified the +1 robe "Plog" {rC+}
  4592 | D:5      | Noticed Grinder
  4604 | D:5      | Paralysed by Grinder for 7 turns
  4613 | D:5      | Killed Grinder
  4614 | D:5      | Reached XP level 7. HP: 7/36 MP: 0/14
  5057 | D:5      | Reached skill level 5 in Spellcasting
  5560 | D:5      | Noticed Blork the orc
  5622 | D:5      | Found a bloodstained altar of Trog.
  5763 | D:5      | Identified the +2 spear of Namijeji {pain, Dex+4 Stlth+}
  5890 | D:5      | Killed Blork the orc
  5891 | D:5      | Reached XP level 8. HP: 25/41 MP: 1/17
  6907 | D:6      | Reached skill level 5 in Conjurations
  6985 | D:6      | Found a staircase to the Ecumenical Temple.
  7178 | Temple   | Entered the Ecumenical Temple
  7377 | Temple   | Became a worshipper of Vehumet
  7408 | D:6      | Learned a level 5 spell: Lightning Bolt
  7734 | D:6      | Reached XP level 9. HP: 34/45 MP: 13/19
  8043 | D:6      | Found a burning altar of Makhleb.
  8044 | D:6      | Found a shimmering altar of Xom.
  8225 | D:6      | Reached XP level 10. HP: 50/50 MP: 19/23
  8232 | D:6      | Learned a level 5 spell: Fireball
  8330 | D:7      | Identified the +4 dagger of the Dragonfly {vorpal, *Corrode
                  | Dex+4}
  9654 | D:8      | Reached * piety under Vehumet
  9654 | D:8      | Offered knowledge of Magic Dart by Vehumet.
  9655 | D:8      | Reached skill level 1 in Fire Magic
 10106 | D:9      | Found an opulent altar of Gozag.
 10107 | D:9      | Found an ornate altar of the Wu Jian Council.
 10110 | D:9      | Found a sparkling altar of Nemelex Xobeh.
 10110 | D:9      | Found a glowing golden altar of the Shining One.
 10110 | D:9      | Found a shadowy altar of Dithmenos.
 10340 | D:9      | Found a broken altar of Ashenzari.
 11145 | D:10     | Entered Level 10 of the Dungeon
 11178 | D:10     | Noticed a gargoyle
 11183 | D:10     | Killed a gargoyle
 11415 | D:10     | Found a snail-covered altar of Cheibriados.
 11544 | D:10     | Noticed a two-headed ogre
 11560 | D:10     | Learned a level 4 spell: Fulminant Prism
 11606 | D:10     | Noticed Maurice
 11626 | D:9      | Slain by a killer bee

Illustrated notes

Levels and vault maps discovered:
D:1:      dpeg_arrival_boxorama, layout_basic
D:2:      layout_loops_ring, chequers_ecumenical_altar_island, basic_altar
D:3:      layout_basic
D:4:      layout_loops_cross, grunt_temple_overflow_growth_and_decay
D:5:      layout_basic, overflow_temple_1_default, portal_sewer_entry_b,
          uniq_blork_the_orc, uniq_grinder
D:6:      layout_basic, grunt_temple_overflow_champion_of_chaos,
          minmay_temple_entry_large_hall, serial_co_window_serial,
          co_window_corner_a, co_window_paths_b, co_window_of_opportunity_a,
          co_window_paths_a, co_window_corner_a, co_window_corner_a,
          co_window_paths_b, co_window_unsneaky_path_c,
          co_window_of_opportunity_b, co_window_corner_ca, co_window_corner_b,
          co_window_corner_b, co_window_4corner_b, glass_columns_a,
          glass_columns_a, glass_columns_b, glass_columns_a
D:7:      layout_basic
D:8:      layout_loops_corners
D:9:      layout_roguey, evilmike_ruin_ashenzari, grunt_temple_overflow_open
D:10:     layout_basic, amcnicky_altar_gilded, lemuel_round_altar,
          erik_lair_island, grunt_decor_mini_mirrors, uniq_maurice
Temple:   nicolae_temple_figure_zero

Skill      XL: |  1  2  3  4  5  6  7  8  9 10 |
---------------+-------------------------------+-----
Conjurations   | 2 3 4 8 11 12 | 12.0
Spellcasting   | 3 4 5 6 8 9 |  9.0
Dodging        | 3 4 |  4.0
Stealth        | 3 4 |  4.0
Air Magic      | 5 6 7 11 12 | 12.0
Fire Magic     | 4 |  4.5

Action                   |  1- 3 |  4- 6 |  7- 9 | 10-12 || total
-------------------------+-------+-------+-------+-------++-------
Melee: Dagger            |    38 |    33 |    25 |    25 ||   121
       Kick              |     9 |     7 |     5 |     4 ||    25
       Peck              |     3 |     5 |     6 |     3 ||    17
 Cast: Shock             |    60 |    23 |    73 |    21 ||   177
       Static Discharge  |       |     2 |       |     2 ||     4
       Airstrike         |       |     2 |    33 |    47 ||    82
       Lightning Bolt    |       |       |       |     7 ||     7
       Fireball          |       |       |       |     1 ||     1
       Fulminant Prism   |       |       |       |     1 ||     1
  Use: Scroll            |       |     2 |     3 |       ||     5
       Potion            |       |       |     1 |     2 ||     3
 Stab: Sleeping          |     2 |     5 |       |       ||     7
Armor: Robe              |     5 |     5 |     6 |     5 ||    21
Dodge: Dodged            |    36 |    14 |    30 |    51 ||   131

Table legend: (Time is in decaauts)
 A = Elapsed time spent in this place.
 B = Non-inter-level travel time spent in this place.
 C = Inter-level travel time spent in this place.
 D = Time resting spent in this place.
 E = Time spent auto-exploring this place.
 F = Levels seen in this place.
 G = Mean time per level.
                   A        B        C        D        E       F      G
               +--------+--------+--------+--------+--------+-----+--------+
         Total |  11140 |  10691 |    449 |   1226 |   7788 |  11 | 1012.7 |
       Dungeon |  10951 |  10555 |    396 |   1226 |   7688 |  10 | 1095.1 |
        Temple |    189 |    137 |     52 |      0 |     99 |   1 |  189.0 |
               +--------+--------+--------+--------+--------+-----+--------+

Top non-repeatable levels by time:
     D:5: 2193 daAuts
     D:6: 1531 daAuts
     D:1: 1284 daAuts
     D:9: 1037 daAuts
     D:8: 1005 daAuts
     D:3: 996 daAuts
     D:2: 989 daAuts
     D:4: 837 daAuts
     D:7: 624 daAuts
    D:10: 452 daAuts
  Temple: 189 daAuts
